Map: Berlingrad LE

Players

Charoisaur

  • Race: Terran Terran
  • League: Master
  • Spawn Location: 11:00

Sisyphos - Winner!

  • Race: Zerg Zerg
  • League: Master
  • Spawn Location: 5:00

VOD

Have the link to the VOD?

Description

Time

  • Played on: June 2, 2022, 5:57 p.m.
  • Length: 19:24
Show
View Real Time Build Order
Export as new Build Order

Charoisaur Terran 

Build Orders: Liberator Opening, Reaper Expand 

Get SALT Encoding   

  12  0:00  SCV  
  13  0:12  SCV  
  14  0:17  Supply Depot  
  14  0:24  SCV  
  15  0:39  SCV  
  15  0:40  Barracks  
  16  0:45  Refinery  
  16  0:51  SCV  
  17  1:03  SCV  
  18  1:15  SCV  
  19  1:30  Orbital Command  
  19  1:31  Reaper  
  20  1:41  Command Center  
  20  1:53  Supply Depot  
  20  1:55  SCV  
  21  2:08  Factory  
  21  2:10  SCV  
  21  2:14  Refinery  
  22  2:22  SCV  
  23  2:25  Barracks Reactor  
  23  2:35  SCV  
  24  2:51  SCV  
  25  2:55  Starport  
  25  2:57  Orbital Command  
  25  3:03  SCV  
  26  3:07  Hellion x2  
  26  3:11  Marine  
  31  3:15  SCV  
  32  3:23  SCV, Supply Depot  
  33  3:27  SCV  
  33  3:28  Hellion x2  
  38  3:35  SCV, Liberator  
  38  3:41  SCV  
  43  3:47  SCV  
  44  3:49  Hellion  
  44  3:50  Hellion  
  44  3:54  Supply Depot  
  48  3:57  SCV  
  48  3:59  SCV  
  50  4:09  SCV  
  51  4:12  Command Center  
  51  4:15  SCV  
  52  4:21  SCV  
  53  4:30  Barracks, Factory Reactor  
  53  4:31  Barracks  
  53  4:33  SCV x2  
  53  4:36  Barracks Tech Lab  
  55  4:45  SCV x2  
  57  4:54  Engineering Bay x2  
  57  4:56  Refinery  
  57  4:57  SCV x2, Refinery  
  56  5:04  Stimpack  
  56  5:09  SCV x2  
  56  5:11  Marine  
  59  5:18  Barracks  
  59  5:19  Starport Reactor  
  59  5:20  Barracks  
  60  5:21  SCV x2  
  60  5:25  Factory Tech Lab  
  61  5:32  Marine x4  
  61  5:33  SCV x2  
  67  5:39  Orbital Command  
  67  5:41  Marine  
  68  5:45  SCV  
  68  5:46  SCV  
  70  5:52  Terran Infantry Armor Level 1, Terran Infantry Weapons Level 1  
  70  5:57  SCV  
  70  5:58  SCV  
  70  6:00  Marine x4  
  76  6:08  Orbital Command, Medivac x2  
  80  6:12  SCV x2  
  80  6:18  Supply Depot x2  
  82  6:20  Supply Depot  
  82  6:22  Marine x3  
  82  6:23  Barracks Reactor  
  85  6:31  Barracks Reactor  
  85  6:39  Marine  
  89  6:40  SCV x3  
  89  6:43  Marine x3  
  89  6:44  Combat Shield  
  92  6:52  SCV x3  
  95  6:55  Armory  
  95  6:57  Marine x2  
  95  7:01  Marine  
  98  7:02  Marine x3  
  98  7:04  SCV x2  
  102  7:15  Marine  
  102  7:16  Marine x3  
  102  7:17  SCV x3  
  109  7:28  Medivac  
  108  7:30  Medivac  
  108  7:34  Marine x2  
  109  7:41  Marine x4  
  109  7:42  SCV x2  
  109  7:43  Supply Depot  
  109  7:44  Supply Depot  
  115  7:46  Bunker  
  115  7:47  Supply Depot  
  115  7:48  Marine x2  
  117  8:04  Marine x2  
  117  8:05  SCV x2, Medivac, Siege Tank  
  126  8:10  Terran Infantry Weapons Level 2, Terran Infantry Armor Level 2  
  126  8:12  SCV, Marine x4  
  126  8:13  Marine x3  
  126  8:17  SCV  
  131  8:22  Marine x2  
  131  8:25  Medivac  
  135  8:27  Factory  
  135  8:30  Marine x3  
  138  8:38  Marine x3  
  141  8:45  Marine  
  141  8:47  Marine  
  140  8:49  Marine x2  
  140  8:50  Siege Tank, Marine  
  140  8:51  Marine  
  140  8:53  SCV x2  
  140  8:54  SCV  
  140  8:56  Marine  
  140  9:01  Supply Depot x2  
  140  9:02  Marine  
  134  9:03  Supply Depot  
  134  9:04  Supply Depot  
  134  9:05  SCV x2  
  134  9:06  SCV  
  134  9:08  Marine x4  
  141  9:16  Factory Tech Lab  
  140  9:17  SCV x2, Marine x3  
  140  9:18  SCV, Medivac, Marine  
  140  9:22  Medivac  
  151  9:29  SCV x2  
  151  9:30  Marine x5  
  158  9:35  Marine x2  
  158  9:40  Command Center  
  158  9:50  Siege Tank x2, Marine x4  
  158  9:51  Marine  
  169  9:56  Terran Vehicle Weapons Level 1  
  169  9:58  Refinery  
  169  10:11  Marine x6, Marauder  
  169  10:14  Medivac  
  179  10:15  Medivac  
  179  10:16  Sensor Tower  
  181  10:23  Siege Tank  
  158  10:28  Siege Tank, Marine x2  
  158  10:29  Marine x3  
  158  10:30  Marine x2  
  158  10:31  Marine  
  158  10:32  Marine  
  167  10:46  Marine  
  168  10:53  Terran Infantry Weapons Level 3  
  168  10:55  Siege Tank  
  171  10:58  Barracks x2  
  171  11:00  Barracks, Siege Tank  
  174  11:15  Liberator x2, Terran Infantry Armor Level 3  
  180  11:31  Command Center  
  180  11:34  Marine x3  
  180  11:35  Marine x2, Marauder  
  180  11:36  Siege Tank x2  
  167  12:04  Marine x4, Marauder  
  167  12:05  Marine  
  173  12:08  Ghost Academy  
  173  12:10  Liberator x2  
  173  12:11  Siege Tank x2  
  185  12:23  Barracks Tech Lab x2  
  185  12:25  Barracks Tech Lab  
  185  12:26  Marauder  
  174  12:48  Marine x2  
  174  12:49  Marine, Marauder  
  120  13:03  Marine x4, Marauder x3  
  120  13:04  Marine  
  127  13:06  Marine x2  
  127  13:12  Ghost, Marine  
  128  13:14  Siege Tank  
  128  13:15  Command Center, Factory Tech Lab  
  128  13:16  Liberator  
  135  13:20  Refinery  
  135  13:21  Marine x2  
  135  13:24  Ghost  
  139  13:34  Siege Tank  
  142  13:43  Sensor Tower  
  142  13:44  Ghost x2, Marine  
  142  13:45  Marine x7  
  142  13:46  Siege Tank  
  146  14:05  Ghost x2, Marine x2  
  146  14:06  Marine x3  
  153  14:21  Ghost x2  
  157  14:27  Widow Mine x2  
  161  14:46  Ghost x2, Marine x3  
  161  14:49  Widow Mine x2  
  163  15:10  Widow Mine  
  155  15:16  Widow Mine  
  126  15:30  Ghost x2  
  126  15:31  Widow Mine, Ghost  
  134  15:46  Widow Mine  
  136  15:51  SCV x3  
  136  15:53  Widow Mine  
  134  16:04  SCV x3  
  134  16:07  Widow Mine  
  134  16:08  Planetary Fortress  
  139  16:11  Refinery  
  139  16:13  Refinery  
  139  16:14  Widow Mine  
  139  16:16  SCV x3  
  144  16:27  Sensor Tower  
  144  16:29  Widow Mine  
  146  16:36  Widow Mine  
  148  16:40  Missile Turret  
  138  16:57  Widow Mine  
  98  17:03  Orbital Command  
  83  17:18  Widow Mine, Marine x4  
  83  17:19  Marine x7  
  83  17:20  Marine  
  83  17:22  SCV x2  
  99  17:34  SCV x2, Drilling Claws  
  101  17:37  Liberator  
  101  17:38  Factory  
  101  17:39  SCV  
  101  17:40  Widow Mine  
  107  17:46  SCV x2  
  107  17:49  Orbital Command  
  108  17:54  Marine, Marauder x2  
  110  17:58  SCV  
  110  18:01  Widow Mine  
  106  18:19  Sensor Tower  
  106  18:22  Widow Mine  
  81  18:42  Widow Mine  
  81  18:44  Widow Mine  
  85  19:00  Sensor Tower  
Show
View Real Time Build Order
Export as new Build Order

Sisyphos Zerg - Winner!

Build Orders: Hatch First 

Get SALT Encoding   

  12  0:00  Drone  
  13  0:12  Overlord  
  13  0:16  Drone  
  14  0:30  Drone x2  
  16  0:46  Hatchery  
  15  0:50  Drone  
  15  0:54  Drone  
  17  0:57  Drone  
  18  1:07  Extractor  
  17  1:12  Spawning Pool  
  17  1:15  Drone  
  17  1:18  Drone  
  18  1:28  Drone  
  19  1:39  Drone  
  20  1:49  Drone  
  21  2:02  Queen x2  
  21  2:03  Zergling x4  
  27  2:11  Drone  
  27  2:12  Overlord  
  28  2:20  Hatchery  
  28  2:22  Drone  
  28  2:33  Drone, Spore Crawler  
  28  2:34  Metabolic Boost  
  29  2:40  Drone  
  30  2:44  Queen  
  30  2:49  Overlord  
  32  2:54  Drone  
  32  2:55  Drone x2  
  35  3:00  Drone  
  36  3:06  Overlord  
  36  3:10  Queen  
  38  3:15  Drone  
  38  3:16  Drone x2  
  42  3:20  Drone  
  42  3:24  Queen  
  42  3:25  Drone  
  46  3:27  Drone  
  46  3:29  Drone  
  47  3:37  Queen  
  47  3:38  Drone x2  
  51  3:45  Overlord  
  51  3:51  Zergling x4  
  51  3:52  Drone x4  
  51  3:53  Drone  
  58  3:58  Overlord  
  58  4:04  Drone  
  58  4:05  Drone x3  
  62  4:13  Overlord  
  62  4:14  Queen  
  64  4:20  Zergling x8  
  68  4:30  Spore Crawler  
  67  4:31  Spore Crawler, Queen  
  67  4:33  Drone x6  
  74  4:48  Lair  
  74  4:49  Extractor  
  74  4:51  Overlord  
  74  4:52  Overlord, Extractor  
  72  4:56  Drone  
  72  5:00  Drone x3  
  74  5:07  Overlord  
  74  5:12  Drone x12  
  74  5:13  Baneling Nest  
  85  5:20  Hatchery  
  84  5:32  Drone x4  
  84  5:33  Evolution Chamber  
  84  5:34  Drone x4, Evolution Chamber  
  90  5:36  Extractor  
  90  5:42  Extractor  
  88  5:49  Overlord  
  88  5:51  Overlord  
  88  5:56  Spore Crawler  
  87  5:57  Drone x2  
  87  5:58  Drone, Spore Crawler  
  89  6:06  Hatchery  
  89  6:08  Drone x3  
  89  6:10  Zergling x16, Hatchery  
  98  6:13  Zerg Melee Weapons Level 1  
  98  6:22  Centrifugal Hooks  
  98  6:24  Zerg Ground Armor Level 1  
  98  6:28  Drone x3  
  98  6:29  Drone x6  
  107  6:36  Overlord  
  107  6:37  Overlord x3  
  107  6:39  Zergling x4  
  109  6:43  Baneling x4  
  109  6:44  Baneling x2  
  109  6:55  Zergling x22, Spore Crawler  
  109  6:59  Baneling x5  
  109  7:00  Baneling  
  109  7:01  Baneling x5  
  119  7:08  Zergling x2  
  120  7:10  Zergling x2, Baneling x6  
  120  7:11  Zergling x12  
  127  7:17  Zergling x4  
  129  7:25  Hydralisk Den, Zergling x12  
  132  7:35  Zergling x2  
  132  7:36  Zergling x20  
  142  7:38  Baneling x7  
  142  7:45  Overlord x2  
  142  7:48  Infestation Pit  
  141  7:51  Pneumatized Carapace  
  141  7:52  Overseer  
  141  7:58  Zergling x6  
  141  7:59  Zergling x16  
  152  8:09  Baneling  
  152  8:10  Baneling  
  146  8:14  Drone x6  
  146  8:16  Hydralisk, Muscular Augments  
  146  8:17  Hydralisk x7  
  166  8:27  Hive  
  166  8:33  Zerg Melee Weapons Level 2  
  166  8:34  Zergling x4, Extractor  
  166  8:35  Zergling x18  
  169  8:49  Zergling x18  
  169  8:50  Zergling x10  
  172  8:59  Overlord x2, Zerg Ground Armor Level 2  
  170  9:15  Zergling x16  
  170  9:16  Zergling x2  
  179  9:28  Grooved Spines  
  179  9:31  Zergling x32  
  182  9:47  Zergling x20  
  182  9:51  Spore Crawler  
  191  9:55  Zergling x12, Ultralisk Cavern  
  196  10:01  Baneling x4  
  196  10:02  Baneling x3  
  196  10:20  Baneling x10  
  194  10:25  Zergling x2  
  194  10:26  Zergling x30  
  186  10:45  Hatchery  
  186  10:46  Chitinous Plating  
  186  10:47  Adrenal Glands  
  185  10:53  Hatchery  
  185  10:54  Overlord  
  185  10:56  Ultralisk  
  190  11:02  Spire  
  189  11:07  Zergling x12  
  195  11:28  Zerg Ground Armor Level 3, Zerg Melee Weapons Level 3  
  195  11:31  Drone x3  
  198  11:34  Drone  
  198  11:37  Extractor  
  182  11:48  Zergling x36  
  198  12:05  Anabolic Synthesis  
  193  12:18  Greater Spire  
  169  12:44  Zergling x26  
  169  12:45  Zergling x20  
  169  12:46  Hatchery  
  159  12:52  Corruptor x7  
  159  12:54  Zergling x14  
  159  12:55  Zergling x54  
  183  13:05  Zergling x6  
  186  13:12  Baneling x4  
  178  13:13  Baneling x10, Hydralisk x7  
  192  13:21  Baneling x2  
  192  13:22  Baneling  
  192  13:25  Zergling x16  
  200  13:30  Baneling x6  
  200  13:31  Baneling x12  
  200  13:36  Zerg Flyer Weapons Level 1  
  200  13:43  Baneling  
  200  13:44  Baneling x5  
  169  14:05  Zergling x8  
  169  14:06  Zergling x48  
  197  14:16  Zergling x6  
  200  14:35  Baneling x3  
  200  14:36  Baneling  
  200  14:37  Zerg Missile Weapons Level 1  
  189  15:02  Drone x10  
  189  15:03  Drone  
  187  15:07  Zergling x2  
  187  15:08  Zergling x24  
  191  15:18  Zergling x2  
  191  15:19  Zergling x20  
  190  15:26  Hatchery  
  156  15:29  Zergling x30  
  156  15:35  Ultralisk x3  
  184  15:36  Baneling  
  184  15:37  Baneling x7  
  184  15:38  Baneling x3  
  184  15:39  Extractor  
  184  15:40  Extractor  
  182  15:42  Extractor  
  182  15:43  Extractor  
  182  15:47  Drone x3  
  182  15:48  Drone x5  
  188  15:53  Zergling x14  
  194  16:01  Burrow  
  194  16:03  Zergling x4  
  194  16:04  Zergling x12  
  196  16:05  Overseer x3  
  196  16:06  Zerg Flyer Weapons Level 2  
  196  16:08  Baneling x9  
  196  16:20  Zergling x6  
  199  16:30  Extractor  
  199  16:32  Extractor  
  195  16:37  Zergling x8  
  199  16:41  Baneling x7  
  175  16:57  Zergling x2  
  175  16:58  Zergling x56  
  182  17:03  Ultralisk  
  182  17:06  Ultralisk x3  
  190  17:08  Zergling x2  
  190  17:09  Zergling x10  
  190  17:12  Zergling x8  
  200  17:20  Baneling x3  
  200  17:21  Baneling x12  
  200  17:29  Baneling x7  
  199  17:30  Baneling x4  
  199  17:45  Baneling x8  
  199  17:48  Hatchery  
  199  17:49  Spore Crawler  
  195  17:52  Spine Crawler  
  195  17:53  Spine Crawler  
  195  17:54  Spine Crawler  
  195  17:55  Spine Crawler  
  187  18:02  Zergling x2  
  187  18:03  Zergling x30  
  187  18:11  Zergling x26  
  200  18:15  Pathogen Glands  
  186  18:37  Zergling x6  
  186  18:38  Zergling x38  
  199  18:41  Spine Crawler  
  199  18:43  Drone x3, Spine Crawler x2  
  199  18:45  Spine Crawler, Drone  
  199  18:50  Baneling x6  
Tags
 
Add a new tag
Caveats
  • Supply blocks, unpowered buildings, or Contaminate may cause inaccurate times.
  • Supply counts are checked every 10 seconds.